 Dungeon Crawl Stone Soup version 0.29.0-4-gdea44cf6ec (webtiles) character file.

Game seed: 5997316462848466282

81 qw the Chopper (level 4, 1/1 (26) HPs)
             Began as a Tengu Warper on Aug 28, 2022.
             Tarried too long and was consumed by Zot
             ... on level 1 of the Dungeon.
             The game lasted 00:01:08 (14984 turns).

qw the Chopper (Tengu Warper)                      Turns: 14984, Time: 00:01:09

HP:   1/1 (26)      AC: 12    Str: 13    XL:     4   Next: 40%
MP:   8/8           EV:  6    Int: 13    God:
Gold: 107           SH:  0    Dex: 14    Spells: 7/7 levels left

rFire   . . .      SeeInvis .   Y - +0 hand axe
rCold   + . .      Faith    .   (no shield)
rNeg    . . .      Spirit   .   a - +0 chain mail
rPois   .          Reflect  .   (helmet restricted)
rElec   .          Harm     .   g - +0 cloak
rCorr   .          Rampage  .   f - +2 pair of gloves
Will    .....                   (boots unavailable)
Stlth   ..........              (no amulet)
HPRegen 0.01/turn               i - ring of protection from cold
MPRegen 0.11/turn               (no ring)

@: extremely drained, bezotted and risking death
A: beak, talons 3
a: no special abilities


You were on level 1 of the Dungeon.
You visited 1 branch of the dungeon, and saw 2 of its levels.

You collected 107 gold pieces.


Innate Abilities, Weirdness & Mutations

You have a beak for a mouth.
You have claws for feet.


   Skills:
 - Level 2.0 Fighting
 - Level 5.0 Axes
 - Level 1.0 Throwing
 + Level 1.1 Armour
 - Level 2.1 Dodging
 - Level 2.0 Spellcasting
 - Level 2.4 Translocations


You had 7 spell levels left.
You didn't know any spells.
Your spell library contained the following spells:

 Spells                   Type           Power      Damage    Failure   Level
 Blink                    Tloc           14%        N/A       99%         2
 Gell's Gravitas          Tloc           7%         N/A       100%        3
 Lesser Beckoning         Tloc           7%         N/A       100%        3
 Teleport Other           Tloc           7%         N/A       100%        3
 Manifold Assault         Tloc           7%         N/A       100%        5

Inventory:

Hand Weapons
 h - a +0 mace
 Y - a +0 hand axe (weapon)
Armour
 a - a +0 chain mail (worn)
 f - a +2 pair of gloves (worn)
 g - a +0 cloak (worn)
Jewellery
 i - a ring of protection from cold (left hand)
Scrolls
 b - a scroll of teleportation
Potions
 e - a potion of curing {unknown}

Dungeon Overview and Level Annotations

Branches:
Dungeon (2/15) Zot: 0! You are so drained that the power of Zot will kill you!

Altars:


Message History

There is a stone staircase leading down here.
You see here a +0 dagger.
You see here a +0 club.
There is an escape hatch in the floor here.
You see here a +0 club.
There is a stone staircase leading down here.
There is a stone staircase leading down here.
There is a stone staircase leading down here.
Zot draws nearer.
Dive deeper or flee this branch before you perish!
You see here a +0 club.
There is an escape hatch in the floor here.
You see here a +0 club.
You see here a +0 dagger.
There is a stone staircase leading down here.
You see here a +0 dagger.
You see here a +0 club.
There is an escape hatch in the floor here.
You see here a +0 club.
There is a stone staircase leading down here.
You see here a +0 club.
There is an escape hatch in the floor here.
You see here a +0 club.
You see here a +0 dagger.
There is a stone staircase leading down here.
There is a stone staircase leading down here.
There is a stone staircase leading down here.
You see here a +0 dagger.
You see here a +0 club.
There is an escape hatch in the floor here.
You see here a +0 club.
There is a stone staircase leading down here.
Zot has nearly found you.
Death is approaching.
Descend or flee this branch!
You see here a +0 club.
There is an escape hatch in the floor here.
You see here a +0 club.
You see here a +0 dagger.
There is a stone staircase leading down here.
There is a stone staircase leading down here.
Zot touches you for a single instant, and you cease to be.
You die...

#.# ###.....# ##.#..#.........
#.# #...##?.## #...#..........
#.# #.#####..###.###..........
#.# ##.# ##.##..###..........
#.# ##..# #.##...##..........
#.###..## #....#.##..........
#.##..## ###....##..........
#.#..## #..#..###.........
#...## #@##.............. #..##
#.####.......##### #..#
###......#.#..## #######
##....#####....### ......#
###..)#### ##.....#
......#####........####..#...##
>......)................##....#
.....)#####.........######....#
......# #........## #....#


There were no monsters in sight!

Vanquished Creatures
  An adder (D:2)
  4 worms (D:2)
  2 dart slugs
  6 bats
  3 endoplasms (D:1)
  2 giant cockroaches (D:2)
  3 hobgoblins
  3 quokkas
  8 ball pythons
  3 frilled lizards (D:1)
  8 goblins
  10 kobolds
  4 rats
57 creatures vanquished.

Notes
Turn   | Place    | Note
-------+----------+-------------------------------------------
     0 | D:1      | qw the Tengu Warper began the quest for the Orb.
     0 | D:1      | Reached XP level 1. HP: 12/12 MP: 4/4
     0 | D:1      | 0 ||| qw: Version: 0.1-a-89-g26bdef1
     0 | D:1      | 0 ||| qw: Game counter: 3368
     0 | D:1      | 0 ||| qw: Always use a shield: true
     0 | D:1      | 0 ||| qw: God list: Okawaru
     0 | D:1      | 0 ||| qw: Allow faded altars: false
     0 | D:1      | 0 ||| qw: Do Orc after D:15 true
     0 | D:1      | 0 ||| qw: Do second Lair branch before Depths: true
     0 | D:1      | 0 ||| qw: Lair rune preference: random
     0 | D:1      | 0 ||| qw: Plans: Normal
     0 | D:1      | 0 ||| PLANNING D:1-11
    16 | D:1      | 16 ||| Stepping ~*~*~tactically~*~*~ (stealth).
    17 | D:1      | 17 ||| Stepping ~*~*~tactically~*~*~ (stealth).
    22 | D:1      | 22 ||| Stepping ~*~*~tactically~*~*~ (stealth).
    33 | D:1      | 33 ||| Stepping ~*~*~tactically~*~*~ (stealth).
    40 | D:1      | 40 ||| Stepping ~*~*~tactically~*~*~ (stealth).
    68 | D:1      | Reached XP level 2. HP: 14/17 MP: 6/6
    69 | D:1      | Reached skill level 3 in Axes
   318 | D:1      | 318 ||| Stepping ~*~*~tactically~*~*~ (stealth).
   648 | D:1      | Reached XP level 3. HP: 13/21 MP: 7/7
   848 | D:1      | 848 ||| DROPPING +0 club.
   859 | D:1      | Reached skill level 4 in Axes
  1037 | D:1      | 1037 ||| Stepping ~*~*~tactically~*~*~ (stealth).
  1095 | D:1      | 1095 ||| UPGRADING to +0 cloak.
  1100 | D:1      | 1100 ||| READING scroll labelled VIADIU SIAPAO.
  1101 | D:1      | 1101 ||| READING scroll labelled JEOHUGR IHUO.
  1106 | D:1      | 1106 ||| READING scroll labelled PEPLU ZIKIESAE.
  1107 | D:1      | 1107 ||| DROPPING scroll of blinking.
  1214 | D:2      | 1214 ||| Stepping ~*~*~tactically~*~*~ (hiding).
  1230 | D:2      | 1230 ||| Stepping ~*~*~tactically~*~*~ (hiding).
  1332 | D:2      | 1332 ||| Stepping ~*~*~tactically~*~*~ (hiding).
  1538 | D:2      | Reached XP level 4. HP: 11/26 MP: 8/8
  1545 | D:2      | HP: 4/26 [goblin/+0 club (4)]
  1857 | D:2      | 1857 ||| UPGRADING to +0 chain mail.
  1870 | D:2      | 1870 ||| DROPPING +0 leather armour.
  2149 | D:2      | 2149 ||| UPGRADING to +2 pair of gloves.
  2410 | D:2      | 2410 ||| Stepping ~*~*~tactically~*~*~ (stealth).
  2907 | D:2      | Reached skill level 5 in Axes
  2932 | D:2      | 2932 ||| UPGRADING to ring of protection from cold.
  2933 | D:2      | 2933 ||| READING scroll labelled HOASSI URONKO.
  2934 | D:2      | 2934 ||| DRINKING 2 blue potions.
  2935 | D:2      | 2935 ||| DROPPING potion of brilliance.
  2936 | D:2      | 2936 ||| READING 3 scrolls of teleportation.
  2976 | D:1      | 2976 ||| READING 2 scrolls of teleportation.
 10984 | D:1      | Glimpsed the power of Zot.
 11484 | D:1      | Glimpsed the power of Zot.
 11884 | D:1      | Glimpsed the power of Zot.
 11984 | D:1      | Touched by the power of Zot.
 11985 | D:1      | Glimpsed the power of Zot.
 12485 | D:1      | Glimpsed the power of Zot.
 12885 | D:1      | Glimpsed the power of Zot.
 12984 | D:1      | Touched by the power of Zot.
 12985 | D:1      | Glimpsed the power of Zot.
 13485 | D:1      | Glimpsed the power of Zot.
 13885 | D:1      | Glimpsed the power of Zot.
 13984 | D:1      | Touched by the power of Zot.
 13985 | D:1      | Glimpsed the power of Zot.
 14485 | D:1      | Glimpsed the power of Zot.
 14885 | D:1      | Glimpsed the power of Zot.
 14984 | D:1      | Tarried too long and was consumed by Zot

Levels and vault maps discovered:
D:1:      spicycebolla_arrival_ecumenical, layout_rooms
D:2:      minmay_razor_zed, layout_basic, serial_co_window_serial,
          co_window_corner_a, co_window_paths_b, co_window_paths_a,
          co_window_paths_b, co_window_paths_a, co_window_corner_a,
          co_window_corner_a, co_window_corner_a, co_window_cross_1,
          co_window_unsneaky_path_b, co_window_broadway_b, co_window_paths_c,
          co_window_paths_e, glass_columns_a, glass_columns_a, glass_columns_a,
          glass_columns_b, glass_columns_b

Skill      XL: |  1  2  3  4 |
---------------+-------------+-----
Axes           | 3 4 5 |  5.0
Fighting       | |  2.0
Throwing       | |  1.0
Armour         | |  1.1
Dodging        | |  2.1
Spellcasting   | |  2.0
Translocations | |  2.4

Action                   |  1- 3 |  4- 6 || total
-------------------------+-------+-------++-------
Melee: Hand axe          |    95 |    41 ||   136
       Kick              |    19 |    14 ||    33
       Peck              |     5 |     6 ||    11
       Punch             |     1 |       ||     1
Throw: Boomerang         |     7 |       ||     7
  Use: Scroll            |     3 |     3 ||     6
       Potion            |       |     1 ||     1
Armor: Leather armour    |    32 |     5 ||    37
       Chain mail        |       |     8 ||     8
Dodge: Dodged            |    63 |    11 ||    74

Table legend:
 A = Non-vault XP
 B = Vault XP
 C = Vault XP percentage of total XP
 D = Non-vault monster count
 E = Vault monster count
 F = Vault count percentage of total count
                 A         B        C        D         E       F
            +---------+---------+-------+---------+---------+-------
      Total |      98 |      18 |  15.5 |      49 |       8 |  14.0
            +---------+---------+-------+---------+---------+-------
        D:1 |      51 |       0 |   0.0 |      31 |       0 |   0.0
        D:2 |      47 |      18 |  27.7 |      18 |       8 |  30.8
            +---------+---------+-------+---------+---------+-------
